 Dungeon Crawl Stone Soup version 0.32-a0-931-g5a2cda0630 (webtiles) character file.

Game seed: 3523481253593221619

329 DeathSocks the Sneak (level 6, -1/34 HPs)
             Began as a Vine Stalker Brigand on Apr 13, 2024.
             Slain by a gnoll
             ... wielding a +0 whip
              (6 damage)
             ... on level 3 of the Dungeon.
             The game lasted 00:08:26 (2341 turns).

DeathSocks the Sneak (Vine Stalker Brigand)         Turns: 2341, Time: 00:08:27

Health: -1/34      AC:  4    Str: 13    XL:     6   Next: 50%
Magic:  0/7        EV: 10    Int: 11    God:
Gold:   129        SH:  0    Dex: 18    Spells: 5/5 levels left

rFire   . . .        b - +2 dagger (speed)
rCold   . . .        (no shield)
rNeg    . . .        h - +0 leather armour
rPois   .            (no helmet)
rElec   .            c - +0 cloak
rCorr   .            (no gloves)
SInv    .            (no boots)
Will    .....        (no amulet)
Stlth   ++++         (no ring)
HPRegen 1.05/turn    (no ring)
MPRegen 0.10/turn

%: guardian spirit
@: no status effects
A: fangs 2, regeneration 1, magic shield, antimagic bite, no potion heal 2
a: no special abilities


You were on level 3 of the Dungeon.
You visited 1 branch of the dungeon, and saw 4 of its levels.

You collected 129 gold pieces.

Inventory:

Hand Weapons
 a - a +2 dagger
 b - a +2 dagger of speed (weapon)
Missiles
 d - 13 poisoned darts (quivered)
 e - 3 curare-tipped darts
 q - 2 throwing nets
Armour
 c - a +0 cloak (worn)
 h - a +0 leather armour (worn)
Scrolls
 j - a scroll of silence {unknown}
 l - a scroll of teleportation {unknown}
 m - a scroll of vulnerability {unknown}
 n - a scroll of amnesia
 s - a scroll of enchant weapon {unknown}
Potions
 f - a potion of enlightenment
 g - a potion of mutation
 i - a potion of heal wounds {unknown}
 k - 2 potions of curing {unknown}
 o - a potion of haste {unknown}
 p - 2 potions of lignification {unknown}
 r - a potion of resistance {unknown}


   Skills:
 + Level 4.4 Fighting
 - Level 1.7 Short Blades
 - Level 1.7 Throwing
 - Level 0.7 Dodging
 + Level 7.6 Stealth


You had 5 spell levels left.
You didn't know any spells.
Your spell library contained the following spells:

 Spells                   Type           Power      Damage    Failure   Level
 Sandblast                Erth           0%         2d4       41%         1
 Stone Arrow              Conj/Erth      0%         3d7       80%         3
 Brom's Barrelling Bould  Conj/Erth      0%         2d3       99%         4


Dungeon Overview and Level Annotations

Branches:
Dungeon (4/15)
 Temple: D:4-7

Altars:
Hepliaklqana

Shops:
D:1 =


Innate Abilities, Weirdness & Mutations

You have extremely sharp teeth.
Your natural rate of healing is unusually fast.
When hurt, damage is shared between your health and your magic reserves.
Your bite disrupts and absorbs the magic of your enemies.
Potions cannot restore your health.


Message History

The gnoll barely misses you. The gnoll barely misses you.
The gnoll attacks as it pursues you! The gnoll closely misses you.
An orc comes into view. It is wielding a +0 dagger.
The orc shouts!
A gnoll sergeant comes into view. It is wielding a +2 spear of flaming.
The orc hits you with a +0 war axe.
The gnoll sergeant unwields a +2 spear of flaming.
It stops flaming.
The gnoll sergeant wields a +0 sling.
The gnoll sergeant shoots a sling bullet.
The sling bullet hits you.
* * * LOW HITPOINT WARNING * * *
The orc attacks as it pursues you! The orc barely misses you.
The gnoll attacks as it pursues you! The gnoll hits you with a +0 flail.
* * * LOW HITPOINT WARNING * * *
The gnoll attacks as it pursues you! The gnoll hits you with a +0 whip.
The gnoll attacks as it pursues you! The gnoll hits you with a +0 whip.
The gnoll attacks as it pursues you! The gnoll hits you with a +0 whip.
The gnoll attacks as it pursues you! The gnoll hits you with a +0 whip.
The gnoll attacks as it pursues you! The gnoll hits you with a +0 whip.
* * * LOW HITPOINT WARNING * * *
Throw: 14 darts (poison)
Press: ? - help, Q - select action, (/) - cycle Shift-Dir - straight line, f - gnoll
Aim: a gnoll, wielding a +0 whip (64% to hit)
You throw a poisoned dart. The poisoned dart hits the gnoll.
The gnoll is poisoned.
The gnoll barely misses you. The gnoll attacks as it pursues you!
The gnoll hits you with a +0 whip.
* * * LOW HITPOINT WARNING * * *
The gnoll attacks as it pursues you! The gnoll hits you with a +0 whip!
* * * LOW HITPOINT WARNING * * *
The gnoll attacks as it pursues you! The gnoll hits you with a +0 whip.
* * * LOW HITPOINT WARNING * * *
You hit the gnoll.
The gnoll is severely wounded.
The gnoll closely misses you.
You barely miss the gnoll. You bite the gnoll, but do no damage.
The gnoll is severely wounded.
The gnoll attacks as it pursues you! The gnoll hits you with a +0 whip.
You die...

≈~~~~~~~≈....#.##.#..............
.......P.....#.##.#..............
.##...#..........................
#.......#########............>...
..####...## ##...#.............
.## ###..# ##....##.....##.....
.## ##.####..##..#############
g.#######.#...o####.###
#....g..g.ggg..g@..)..#
...g.÷.##......#####<##
#####..#######.# #.#
###.........##.## #.#
....#######..#..# #.# #####
#...#.## #.# #### #...#.>###.#
...# #...##..##.## ...#
######...###<##..#


You could see 4 gnolls and an orc.

Vanquished Creatures
  3 howler monkeys (D:3)
  A hound (D:3)
  8 gnolls (D:3)
  2 adders (D:3)
  A dart slug (D:1)
  4 ball pythons
  11 bats
  3 endoplasms
  3 giant cockroaches
  5 goblins
  7 hobgoblins
  22 jackals
  A quokka (D:2)
  3 frilled lizards
  8 kobolds
  3 rats
85 creatures vanquished.

Notes
Turn   | Place    | Note
-------+----------+-------------------------------------------
     0 | D:1      | DeathSocks the Vine Stalker Brigand began the quest for the
                  | Orb.
     0 | D:1      | Reached XP level 1. HP: 11/11 MP: 2/2
    54 | D:1      | Reached skill level 5 in Stealth
   138 | D:2      | Reached XP level 2. HP: 15/15 MP: 3/3
   284 | D:1      | Reached XP level 3. HP: 19/19 MP: 2/4
   508 | D:1      | Found Yjuliludofe's Jewellery Boutique.
   847 | D:2      | Found a faded altar of an unknown god.
   931 | D:3      | Reached XP level 4. HP: 22/23 MP: 5/5
   965 | D:2      | Found a hazy altar of Hepliaklqana.
  1159 | D:2      | Reached skill level 6 in Stealth
  1686 | D:3      | Reached XP level 5. HP: 27/28 MP: 6/6
  2130 | D:3      | Reached skill level 7 in Stealth
  2145 | D:3      | Reached XP level 6. HP: 33/33 MP: 7/7
  2337 | D:3      | HP: 1/34 [gnoll/+0 whip (5)]
  2341 | D:3      | Slain by a gnoll

Illustrated notes

Levels and vault maps discovered:
D:1:      dpeg_arrival_pits, layout_loops_ring, serial_shops,
          nicolae_shop_competitors_out_of_business, st_stairs_6,
          serial_bayou_pond_b
D:2:      layout_rooms, basic_altar, basic_ecumenical_altar,
          kennysheep_generic_room_14
D:3:      lemuel_castle_with_subvaults [lemuel_castle_interior_original],
          layout_rooms, minivault_25
D:4:      layout_basic, marbit_many_paths, uniq_ijyb

Skill      XL: |  1  2  3  4  5 |
---------------+----------------+-----
Fighting       | 2 3 4 |  4.4
Stealth        | 5 6 7 |  7.6
Short Blades   | |  1.7
Throwing       | |  1.7
Dodging        | |  0.7

Action                     |  1- 3 |  4- 6 || total
---------------------------+-------+-------++-------
  Melee: Dagger            |    95 |   191 ||   286
         Bite              |    24 |    50 ||    74
  Throw: Dart              |       |     4 ||     4
    Use: Scroll            |       |     3 ||     3
   Stab: Sleeping          |     3 |     5 ||     8
 Armour: Robe              |     4 |       ||     4
         Leather armour    |    61 |   126 ||   187
  Dodge: Dodged            |    78 |   111 ||   189

Table legend: (Time is in decaauts)
 A = Elapsed time spent in this place.
 B = Non-inter-level travel time spent in this place.
 C = Inter-level travel time spent in this place.
 D = Time resting spent in this place.
 E = Time spent auto-exploring this place.
 F = Levels seen in this place.
 G = Mean time per level.
                   A        B        C        D        E       F      G
               +--------+--------+--------+--------+--------+-----+--------+
         Total |   2268 |   2205 |     63 |    125 |   1256 |   4 |  567.0 |
       Dungeon |   2268 |   2205 |     63 |    125 |   1256 |   4 |  567.0 |
               +--------+--------+--------+--------+--------+-----+--------+

Top non-repeatable levels by time:
     D:3: 941 daAuts
     D:1: 731 daAuts
     D:2: 593 daAuts
     D:4: 1 daAuts
